 Dungeon Crawl Stone Soup version 0.28-a0-268-g3f656e82c2 (webtiles) character file.

Game seed: 7572675990398695616

1001 ytrimaz the Covert (level 8, 0/42 HPs)
             Began as a Spriggan Brigand on Aug 28, 2021.
             Was an Initiate of Wu Jian.
             Slain by an orc (2 damage)
             ... on level 5 of the Dungeon.
             The game lasted 00:16:28 (8675 turns).

ytrimaz the Covert (Spriggan Brigand)               Turns: 8675, Time: 00:16:28

Health: 0/42       AC:  3    Str:  7    XL:     8   Next: 0%
Magic:  3/3        EV: 21    Int: 13    God:    Wu Jian [......]
Gold:   159        SH:  0    Dex: 18    Spells: 7/7 levels left

rFire   . . .      SeeInvis +   j - +2 dagger (antimagic)
rCold   . . .      Faith    .   (shield restricted)
rNeg    . . .      Spirit   .   b - +0 robe
rPois   .          Reflect  .   (helmet restricted)
rElec   .          Harm     .   c - +0 cloak
rCorr   .          Rampage  .   (gloves unavailable)
Will    +....                   (boots unavailable)
Stlth   ++++......              (no amulet)
HPRegen 0.14/turn               (no ring)
MPRegen 0.08/turn               (no ring)

@: very quick
A: very small, no large weapons, unfitting armour, see invisible, speed 3
a: Renounce Religion


You were on level 5 of the Dungeon.
You worshipped Wu Jian.
Wu Jian was noncommittal.
You visited 2 branches of the dungeon, and saw 6 of its levels.

You collected 159 gold pieces.

Inventory:

Hand Weapons
 a - a +2 dagger
 j - a +2 antimagic dagger (weapon)
Missiles
 g - 4 poisoned darts (quivered)
Armour
 b - a +0 robe (worn)
 c - a +0 cloak (worn)
 q - a scarf of resistance
Magical Staves
 f - a staff of cold
Wands
 k - a wand of paralysis (17)
Scrolls
 d - a scroll of teleportation
 p - a scroll of summoning {unknown}
Potions
 e - a potion of lignification {unknown}
 h - a potion of invisibility
 i - a potion of attraction
 m - a potion of magic
 n - 3 potions of flight
 o - a potion of curing


   Skills:
 * Level 3.7 Fighting
 + Level 4.9 Short Blades
 - Level 2.0 Throwing
 * Level 7.0 Dodging
 + Level 9.4 Stealth


You had 7 spell levels left.
You didn't know any spells.
Your spell library contained the following spells:

 Spells                   Type           Power      Damage    Failure   Level
 Animate Skeleton         Necr           0%         N/A       30%         1
 Magic Dart               Conj           0%         1d3       30%         1
 Pain                     Necr           0%         1d4       30%         1
 Call Imp                 Summ           0%         N/A       43%         2
 Conjure Flame            Conj/Fire      0%         6-21      67%         3
 Ignite Poison            Fire/Tmut/Pois 0%         N/A       67%         3
 Mephitic Cloud           Conj/Pois/Air  0%         N/A       67%         3
 Vampiric Draining        Necr           0%         2d6       67%         3
 Sticky Flame             Conj/Fire      0%         2d3       97%         4


Dungeon Overview and Level Annotations

Branches:
Dungeon (5/15)             Temple (1/1) D:5

Altars:
Ashenzari
Cheibriados
Elyvilon
Fedhas
Gozag
Hepliaklqana
Kikubaaqudgha
Okawaru
Qazlal
Ru
Sif Muna
Trog
Uskayaw
Vehumet
Wu Jian
Xom
Yredelemnul
Zin
The Shining One

Annotations:
D:4 2 transporters


Innate Abilities, Weirdness & Mutations

You are very small and have problems with some larger weapons.
You are too small for most types of armour.
You have supernaturally acute eyesight. (SInv)
You cover ground extremely quickly. (Speed+++)


Message History

Beogh smites you!
* * * LOW HITPOINT WARNING * * *
You closely miss the orc priest.
The orc priest is heavily wounded.
The orc completely misses you.
You completely miss the orc priest.
The orc priest is heavily wounded.
The orc priest completely misses you. The orc barely misses you.
You hit the orc priest.
The orc priest is severely wounded.
The orc priest misses you. The orc completely misses you.
You barely miss the orc priest.
The orc priest is severely wounded.
The orc priest barely misses you. The orc misses you.
You closely miss the orc priest.
The orc priest is severely wounded.
You hit the orc priest.
The orc priest is almost dead.
The orc priest hits you with a +0 whip.
* * * LOW HITPOINT WARNING * * *
The orc completely misses you.
You hit the orc priest but do no damage.
The orc priest is almost dead.
The orc priest calls down the wrath of Beogh upon you.
You resist with some effort. The orc closely misses you.
You hit the orc priest.
The orc priest is almost dead.
The orc priest closely misses you. The orc hits you with a +0 club.
* * * LOW HITPOINT WARNING * * *
You hit the orc priest but do no damage.
The orc priest is almost dead.
The orc priest barely misses you.
You hit the orc priest but do no damage.
The orc priest is almost dead.
The orc closely misses you.
You hit the orc priest but do no damage.
The orc priest is almost dead.
The orc priest calls upon Beogh to heal the orc.
The orc's wounds heal themselves!
The orc hits you with a +0 club.
You die...

## .# #......# .#
#......# . .#
########......# ..
.###...(.##......# ...
.. +.....''......# ....
.# #.....##......# .....
####.....##.....o#......
..........((...)@oo.....
######...###.#####......
#.#.# #.# ..... #.#.#
#.. ##'# #.#.# ##.# #
####.#.# ##..# #. .##
###....#.. ..#.# .S #..#
.. .##.########.#.# .
#... .# ..#
.##.#.....##... .
.#.#.#.## ...'


You could see an orc priest and 2 orcs.

Vanquished Creatures
  A sky beast (D:5)
  A black bear (D:4)
  3 ogres
  A phantom (D:5)
  A scorpion (D:4)
  2 howler monkeys (D:4)
  A hound (D:5)
  An orc priest (D:5)
  2 orc wizards
  Robin (D:2)
  A howler monkey zombie (D:5)
  11 adders
  3 ufetubi
  An adder skeleton (D:4)
  A worm (D:2)
  2 dart slugs
  5 orcs
  8 bats
  7 endoplasms
  4 giant cockroaches
  10 goblins
  7 hobgoblins
  8 jackals
  8 kobolds
  2 quokkas
  11 ball pythons
  3 frilled lizards
  2 rats
108 creatures vanquished.

Vanquished Creatures (others)
  2 demonic plants (D:2)
2 creatures vanquished.

Grand Total: 110 creatures vanquished

Notes
Turn   | Place    | Note
-------+----------+-------------------------------------------
     0 | D:1      | ytrimaz the Spriggan Brigand began the quest for the Orb.
     0 | D:1      | Reached XP level 1. HP: 10/10 MP: 2/2
    33 | D:1      | Reached skill level 6 in Stealth
   290 | D:1      | Reached XP level 2. HP: 12/15 MP: 3/3
   820 | D:1      | Reached XP level 3. HP: 18/18 MP: 4/4
  1104 | D:2      | Found a faded altar of an unknown god.
  1363 | D:2      | Found a glowing golden altar of the Shining One.
  1855 | D:2      | Reached skill level 7 in Stealth
  2193 | D:2      | Reached XP level 4. HP: 15/23 MP: 5/5
  2372 | D:2      | Noticed Robin
  2405 | D:2      | Killed Robin
  3503 | D:3      | Found a broken altar of Ashenzari.
  3716 | D:3      | Reached XP level 5. HP: 10/26 MP: 2/6
  5095 | D:3      | Found a snail-covered altar of Cheibriados.
  5652 | D:4      | Identified the +1 pair of boots of the Flute {Will+++}
  5716 | D:4      | Noticed an ogre
  5725 | D:4      | Killed an ogre
  5726 | D:4      | Reached skill level 8 in Stealth
  5726 | D:4      | Reached XP level 6. HP: 32/32 MP: 2/7
  5732 | D:4      | Reached skill level 5 in Dodging
  6193 | D:4      | Found a transporter.
  6202 | D:4      | Found a transporter.
  6481 | D:4      | Reached XP level 7. HP: 31/36 MP: 2/8
  6922 | D:4      | Found an opulent altar of Gozag.
  7062 | D:5      | Entered Level 5 of the Dungeon
  7632 | D:5      | Reached skill level 9 in Stealth
  7805 | D:5      | Found a shimmering blue altar of Sif Muna.
  7852 | D:5      | Found a staircase to the Ecumenical Temple.
  7862 | Temple   | Entered the Ecumenical Temple
  8100 | Temple   | Became a worshipper of the Wu Jian Council
  8566 | D:5      | Reached XP level 8. HP: 34/42 MP: 3/9
  8672 | D:5      | HP: 1/42 [orc (3)]
  8675 | D:5      | Slain by an orc

Illustrated notes

Levels and vault maps discovered:
D:1:      lemuel_arrival_funnel, layout_basic
D:2:      layout_loops_ring, dreamdust_ecumenical_altar_sealed_demon,
          basic_altar, minmay_pentomino_z2, uniq_robin
D:3:      layout_basic, mainiacjoe_overflow_24_doors,
          nicolae_ashenzari_panopticon
D:4:      gammafunk_wand_slinger, layout_cave_pools,
          nicolae_gozag_cash_rules_everything_around_me, eino_curves_02
D:5:      layout_basic, mainiacjoe_overflow_concentric_impassable,
          minmay_temple_entry_sparse_star, kennysheep_windowed_goal
Temple:   minmay_freezing_vapour_temple

Skill      XL: |  1  2  3  4  5  6  7 |
---------------+----------------------+-----
Stealth        | 6 7 8 9 |  9.4
Dodging        | 2 3 4 6 7 |  7.0
Fighting       | 2 3 |  3.7
Short Blades   | 3 4 |  4.9
Throwing       | |  2.0

Action                   |  1- 3 |  4- 6 |  7- 9 || total
-------------------------+-------+-------+-------++-------
Melee: Dagger            |   126 |   302 |   174 ||   602
Throw: Dart              |     8 |    14 |    17 ||    39
Invok: Lunge             |       |       |     2 ||     2
  Use: Scroll            |     4 |     2 |     4 ||    10
       Potion            |     2 |     6 |     1 ||     9
 Stab: Sleeping          |     9 |    13 |     4 ||    26
       Invisible         |     1 |     1 |       ||     2
       Distracted        |       |     1 |       ||     1
Armor: Robe              |    24 |    37 |    14 ||    75
Dodge: Dodged            |   109 |   244 |   152 ||   505

Table legend: (Time is in decaauts)
 A = Elapsed time spent in this place.
 B = Non-inter-level travel time spent in this place.
 C = Inter-level travel time spent in this place.
 D = Time resting spent in this place.
 E = Time spent auto-exploring this place.
 F = Levels seen in this place.
 G = Mean time per level.
                   A        B        C        D        E       F      G
               +--------+--------+--------+--------+--------+-----+--------+
         Total |   7195 |   7030 |    165 |   3631 |   1819 |   6 | 1199.2 |
       Dungeon |   6973 |   6810 |    163 |   3446 |   1819 |   5 | 1394.6 |
        Temple |    221 |    220 |      1 |    185 |      0 |   1 |  221.0 |
               +--------+--------+--------+--------+--------+-----+--------+

Top non-repeatable levels by time:
     D:2: 2525 daAuts
     D:3: 1756 daAuts
     D:4: 1234 daAuts
     D:1: 770 daAuts
     D:5: 686 daAuts
  Temple: 221 daAuts
